 Dungeon Crawl Stone Soup version 0.27.1-33-g824d729ab1 (webtiles) character file.

Game seed: 6320604321050827493

702 zeram the Ducker (level 7, -11/59 HPs)
             Began as a Troll Summoner on Dec 23, 2021.
             Mangled by a gnoll sergeant (17 damage)
             ... on level 4 of the Dungeon.
             The game lasted 00:11:06 (4699 turns).

zeram the Ducker (Troll Summoner)                   Turns: 4699, Time: 00:11:06

Health: -11/59     AC:  5    Str: 17    XL:     7   Next: 38%
Magic:  7/7        EV: 11    Int: 13    God:
Gold:   147        SH:  0    Dex: 10    Spells: 1/8 levels left

rFire    . . .     SeeInvis .   k - +0 giant club
rCold    . . .     Faith    .   (shield currently unavailable)
rNeg     . . .     Spirit   .   a - +0 robe
rPois    .         Reflect  .   (helmet restricted)
rElec    .         Harm     .   b - +0 cloak
rCorr    .         Rampage  .   (gloves unavailable)
Will     .....                  (boots unavailable)
Stlth    +.........             i - amulet of regeneration
HPRegen  2.19/turn              (no ring)
MPRegen  0.10/turn              (no ring)

@: lethally poisoned (-11 -> -13), hasted, very quick
A: large, unfitting armour, claws 3, regeneration 1, shaggy fur 1, tough skin 1
a: no special abilities


You were on level 4 of the Dungeon.
You visited 1 branch of the dungeon, and saw 5 of its levels.

You collected 147 gold pieces.

Inventory:

Hand Weapons
 h - a +0 whip
 k - a +0 giant club (weapon)
 m - a +4 vorpal dire flail
Armour
 a - a +0 robe (worn)
 b - a +0 cloak (worn)
Jewellery
 i - an amulet of regeneration (around neck)
Wands
 d - a wand of paralysis (5)
Scrolls
 f - a scroll of amnesia
 j - 2 scrolls of blinking
 n - a scroll of teleportation
Potions
 e - 3 potions of ambrosia {unknown}
 g - a potion of lignification {unknown}
 l - a potion of degeneration {unknown}


   Skills:
 + Level 4.7 Maces & Flails
 + Level 4.9 Dodging
 - Level 1.0 Stealth
 - Level 1.2 Spellcasting
 + Level 3.4 Summonings


You had one spell level left.
You knew the following spells:

 Your Spells              Type           Power      Damage    Failure   Level
a - Blink                 Tloc           N/A        N/A       38%         2
b - Call Imp              Summ           9%         N/A       10%         2
c - Call Canine Familiar  Summ           9%         N/A       21%         3

Your spell library contained the following spells:

 Spells                   Type           Power      Damage    Failure   Level
 Summon Small Mammal      Summ           36%        N/A       7%          1
 Summon Guardian Golem    Hex/Summ       5%         N/A       38%         3
 Gell's Gravitas          Tloc           0%         N/A       63%         3
 Lesser Beckoning         Tloc           0%         N/A       63%         3
 Teleport Other           Tloc           0%         N/A       63%         3
 Summon Lightning Spire   Summ/Air       5%         N/A       80%         4
 Manifold Assault         Tloc           0%         N/A       100%        5
 Storm Form               Tmut/Air       0%         N/A       100%        7


Dungeon Overview and Level Annotations

Branches:
Dungeon (5/15)
 Temple: D:4-7

Altars:
Vehumet
The Shining One

Shops:
D:1 !   D:4 *


Innate Abilities, Weirdness & Mutations

You are too large for most types of armour.
You have claws for hands.
Your natural rate of healing is unusually fast.
You are covered in fur. (AC +1)
You have tough skin. (AC +1)


Message History

No target in view!
No target in view!
No target in view!
No target in view!
No target in view!
No target in view!
HP restored.
You climb downwards.
The gnoll sergeant hits you from afar with a +2 trident of venom.
The gnoll hits you with a +0 whip.
There is a stone staircase leading up here.
The gnoll hits you from afar with a +0 halberd.
The gnoll sergeant barely misses you. The gnoll hits you with a +0 whip!
You climb upwards.
There is a stone staircase leading down, spattered with blood here.
You bludgeon the gnoll!!
You kill the gnoll!
No target in view!
No target in view!
You climb downwards.
The gnoll completely misses you. The gnoll hits you with a +0 flail.
The gnoll sergeant hits you with a +2 trident of venom!
You are poisoned.
The gnoll barely misses you.
The gnoll hits you from afar with a +0 halberd!
There is a stone staircase leading up, spattered with blood here.
You feel very sick. The gnoll completely misses you.
The gnoll sergeant hits you with a +2 trident of venom!
You are more poisoned.
The gnoll hits you with a +0 whip. The gnoll barely misses you.
You climb upwards.
You feel extremely sick.
There is a stone staircase leading down, spattered with blood here.
You feel yourself speed up.
You feel very sick. The gnoll hits you with a +0 flail!
* * * LOW HITPOINT WARNING * * *
The gnoll sergeant hits you with a +2 trident of venom!
You die...

# #....##.#.#.#.# #
####....##.#...#.# #
#..........##..#.######## #
#.##....#####..#........# #
#.####### #..########.# # #.#
#..# #.# # #.# #..########.#
#########.###########...........#
..............gg@g..#.###########
#########.#########.#....#
..........# #[####.# ###########
#[# #.# #.# #.# #.# #.# #.####.#
#....#.# ##### ####.#.#######


You could see a gnoll sergeant and 2 gnolls.

Vanquished Creatures
  Edmund (D:4)
  A sky beast (D:4)
  An ogre (D:4)
  A scorpion (D:4)
  A hound (D:4)
  2 orc priests (D:4)
  Natasha (twice) (D:3)
  An orc wizard (D:4)
  An iguana (D:4)
  2 gnolls (D:4)
  An adder (D:4)
  2 worms
  A dart slug (D:3)
  15 orcs
  7 endoplasms
  9 goblins
  7 hobgoblins
  6 quokkas
  8 ball pythons
  9 bats
  6 frilled lizards
  6 kobolds
  5 rats
95 creatures vanquished.

Vanquished Creatures (collateral kills)
  Crazy Yiuf (D:3)
  Natasha (D:3)
  A kobold (D:2)
  A quokka (D:2)
  A frilled lizard (D:3)
5 creatures vanquished.

Vanquished Creatures (others)
  A giant cockroach (D:4)
  A fungus (D:3)
  A plant (D:1)
3 creatures vanquished.

Grand Total: 103 creatures vanquished

Notes
Turn   | Place    | Note
-------+----------+-------------------------------------------
     0 | D:1      | zeram the Troll Summoner began the quest for the Orb.
     0 | D:1      | Reached XP level 1. HP: 16/16 MP: 1/1
   209 | D:1      | Found Xouqetirr's Distillery.
   302 | D:1      | Reached XP level 2. HP: 24/24 MP: 2/2
   640 | D:1      | Found a faded altar of an unknown god.
   923 | D:2      | Reached XP level 3. HP: 26/31 MP: 3/3
   926 | D:2      | Learned a level 2 spell: Call Imp
  1580 | D:2      | Learned a level 2 spell: Blink
  1792 | D:3      | Reached XP level 4. HP: 39/39 MP: 4/4
  1802 | D:3      | Noticed Natasha
  1818 | D:3      | Killed Natasha
  1836 | D:3      | Reached skill level 1 in Maces & Flails
  2128 | D:3      | Noticed Natasha
  2145 | D:3      | Killed Natasha
  2319 | D:3      | Noticed Natasha
  2365 | D:3      | Killed Natasha
  2366 | D:3      | Reached XP level 5. HP: 31/45 MP: 5/5
  2730 | D:3      | Found a runed translucent door.
  2731 | D:3      | Noticed Crazy Yiuf
  2914 | D:4      | Found a glowing golden altar of the Shining One.
  3049 | D:4      | Found Zires's General Store.
  3126 | D:4      | Found a radiant altar of Vehumet.
  3178 | D:4      | Noticed an ogre
  3248 | D:4      | Killed an ogre
  3249 | D:4      | Reached XP level 6. HP: 53/53 MP: 3/6
  3253 | D:4      | Learned a level 3 spell: Call Canine Familiar
  3518 | D:4      | Noticed Edmund
  3525 | D:4      | Killed Edmund
  3685 | D:4      | Noticed a sky beast
  3699 | D:4      | Killed a sky beast
  3700 | D:4      | Reached XP level 7. HP: 53/59 MP: 3/7
  4028 | D:5      | Entered Level 5 of the Dungeon
  4166 | D:3      | Paralysed by Crazy Yiuf for 5 turns
  4174 | D:3      | Killed Crazy Yiuf
  4699 | D:4      | Mangled by a gnoll sergeant

Illustrated notes

Levels and vault maps discovered:
D:1:      ncdulo_smallfort, layout_rooms, serial_forest,
          infiniplex_forest_lined_room_, infiniplex_forest_zigzag_1,
          infiniplex_forest_zigzag_2, infiniplex_forest_end_2,
          infiniplex_forest_lined_2, infiniplex_forest_lined_3, serial_shops,
          shop, dreamdust_ecumenical_altar_angels_and_demons,
          serial_bayou_pond_c
D:2:      layout_basic, minmay_pentomino_q2
D:3:      layout_loops_ring, chequers_serial_rivers_micro_a,
          minmay_misc_feat_pillars, st_stairs_11, patterned_corridor,
          uniq_crazy_yiuf_cottage, uniq_natasha
D:4:      layout_basic, mainiacjoe_overflow_six_doors_small,
          fiery_altar_vehumet, serial_shops, shop, uniq_edmund
D:5:      layout_basic, mainiacjoe_overflow_paths, slow_altar_1, serial_shops,
          shop, kennysheep_generic_room_13, uniq_duvessa

Skill      XL: |  1  2  3  4  5  6 |
---------------+-------------------+-----
Dodging        | 2 3 4 |  4.9
Summonings     | 3 |  3.4
Maces & Flails | 1 2 4 |  4.7
Stealth        | |  1.0
Spellcasting   | |  1.2

Action                   |  1- 3 |  4- 6 |  7- 9 || total
-------------------------+-------+-------+-------++-------
Melee: Unarmed           |    72 |       |       ||    72
       Whip              |   136 |   200 |       ||   336
       Giant club        |       |    83 |    32 ||   115
 Cast: Call Imp          |     2 |    17 |     3 ||    22
  Use: Scroll            |     3 |     4 |       ||     7
       Potion            |       |     3 |     2 ||     5
 Stab: Sleeping          |     4 |     3 |       ||     7
Armor: Robe              |    87 |    77 |    15 ||   179
Dodge: Dodged            |   120 |   190 |    25 ||   335
